 Dungeon Crawl Stone Soup version 0.20-a0-309-gcba9277 (webtiles) character file.

77 dondy the Firebug (level 4, -3/24 HPs)
             Began as a Deep Elf Fire Elementalist on Dec 19, 2016.
             Was an Initiate of Sif Muna.
             Slain by Grinder (6 damage)
             ... on level 3 of the Dungeon.
             The game lasted 00:11:04 (2661 turns).

dondy the Firebug (Deep Elf Fire Elementalist)      Turns: 2661, Time: 00:11:05

Health: -3/24      AC:  4    Str:  5    XL:     4   Next: 14%
Magic:  2/10       EV: 13    Int: 21    God:    Sif Muna [......]
Gold:   130        SH:  0    Dex: 15    Spells: 1/9 levels left

rFire  . . .     SeeInvis .     i - +2 spear (venom)
rCold  . . .     Gourm    .     a - +0 robe
rNeg   . . .     Faith    .     (no shield)
rPois  .         Spirit   .     (no helmet)
rElec  .         Reflect  .     (no cloak)
rCorr  .         Harm     .     n - +0 pair of gloves
MR     .....                    g - +0 pair of boots
Stlth  ++........               (no amulet)
                                (no ring)
                                (no ring)

@: very slightly contaminated
A: no striking features
a: Renounce Religion


You were on level 3 of the Dungeon.
You worshipped Sif Muna.
Sif Muna was noncommittal.
You were not hungry.

You visited 1 branch of the dungeon, and saw 3 of its levels.

You collected 130 gold pieces.

Inventory:

Hand Weapons
 i - a +2 spear of venom (weapon)
Armour
 a - a +0 robe (worn)
 g - a +0 pair of boots (worn)
 n - a +0 pair of gloves (worn)
Jewellery
 f - an uncursed ring of teleportation
Wands
 y - a wand of slowing (29/48)
Scrolls
 d - a scroll of recharging {unknown}
 e - a scroll of enchant armour {unknown}
 h - 5 scrolls of remove curse
 m - a scroll of amnesia {unknown}
 t - a scroll of noise {unknown}
 v - a scroll of magic mapping {unknown}
Potions
 j - a potion of degeneration {unknown}
 k - a potion of haste {unknown}
 l - a potion of agility {unknown}
 q - 2 potions of heal wounds {unknown}
 u - a potion of experience {unknown}
 w - 2 potions of lignification {unknown}
 x - a potion of mutation {unknown}
Books
 b - a book of Flames

   Spells                             Type                      Level
   a - Flame Tongue                   Conjuration/Fire             1
   b - Throw Flame                    Conjuration/Fire             2
   c - Conjure Flame                  Conjuration/Fire             3
   d - Inner Flame                    Hexes/Fire                   3
   e - Sticky Flame                   Conjuration/Fire             4
   f - Fireball                       Conjuration/Fire             5
 s - a book of Minor Magic

   Spells                             Type                      Level
   a - Magic Dart                     Conjuration                  1
   b - Blink                          Translocation                2
   c - Call Imp                       Summoning                    2
   d - Repel Missiles                 Charms/Air                   2
   e - Slow                           Hexes                        2
   f - Conjure Flame                  Conjuration/Fire             3
   g - Mephitic Cloud                 Conjuration/Poison/Air       3
Comestibles
 c - 2 bread rations
 o - a slice of pizza
 r - a beef jerky


   Skills:
 - Level 2.4 Dodging
 - Level 2.4 Stealth
 - Level 3.0 Spellcasting
 + Level 3.1 Conjurations
 + Level 4.6 Fire Magic


You had one spell level left.
You knew the following spells:

 Your Spells              Type           Power        Failure   Level  Hunger
a - Flame Tongue          Conj/Fire      ###..        2%          1    None
b - Conjure Flame         Conj/Fire      ###.....     10%         3    ###....
c - Sticky Flame          Conj/Fire      ###.....     28%         4    ####...


Dungeon Overview and Level Annotations

Branches:
Dungeon (3/15)

Altars:
Sif Muna

Annotations:
D:3 Grinder; dondy's ghost, amateur DECj


Message History

You can't see any susceptible monsters within range! (Use Z to cast anyway.)
The hobgoblin closely misses you. Grinder barely misses you.
The hobgoblin barely misses you.
Casting: Flame Tongue
Confirm with . or Enter, or press ? or * to list all spells.
Aiming: Sticky Flame
Press: ? - help, Shift-Dir - straight line, f/p - Grinder
Aim: Grinder (moderately wounded)
You miscast Sticky Flame.
You are very lightly contaminated with residual magic.
Your skin tingles.
Grinder gestures at you. Pain shoots through your body!
* * * LOW HITPOINT WARNING * * *
The hobgoblin completely misses you.
Grinder blinks!
Grinder hits you.
* * * LOW HITPOINT WARNING * * *
You writhe in agony.
You die...

#...## #.#..#
#########..#.#
........##ยง#.##
......#.......#
......####...#####
#.#.#............. #..
######g5.#....
)#.#.######@#......#
........#...#......#
..
......#.<...#......#
..
.......(.....##....#
.. ..............#.###
.....(........# # ###
.........[.......
..##..................
#..g..................


You could see Grinder and a hobgoblin.

Vanquished Creatures
  A gnoll (D:1)
  An adder (D:2)
  A worm (D:2)
  4 dart slugs
  A leopard gecko (D:1)
  A giant cockroach (D:1)
  7 goblins
  5 hobgoblins
  3 jackals
  7 kobolds
  A quokka (D:2)
  6 bats
  A frilled lizard (D:2)
  7 rats
46 creatures vanquished.

Vanquished Creatures (others)
  A kobold (D:3)
1 creature vanquished.

Grand Total: 47 creatures vanquished

Notes
Turn   | Place    | Note
-------+----------+-------------------------------------------
     0 | D:1      | dondy the Deep Elf Fire Elementalist began the quest for the Orb.
     0 | D:1      | Reached XP level 1. HP: 10/10 MP: 6/6
   161 | D:1      | Reached XP level 2. HP: 15/15 MP: 2/8
   480 | D:1      | Reached skill level 4 in Fire Magic
   601 | D:1      | Reached XP level 3. HP: 19/19 MP: 4/9
   606 | D:1      | Learned a level 3 spell: Conjure Flame
  1628 | D:2      | Found a deep blue altar of Sif Muna.
  1634 | D:2      | Became a worshipper of Sif Muna the Loreminder
  2102 | D:2      | Reached XP level 4. HP: 24/24 MP: 6/10
  2108 | D:2      | Learned a level 4 spell: Sticky Flame
  2352 | D:3      | Noticed dondy's ghost (amateur DECj)
  2616 | D:3      | Noticed Grinder
  2625 | D:3      | Paralysed by Grinder for 4 turns
  2641 | D:3      | Paralysed by Grinder for 6 turns
  2661 | D:3      | Slain by Grinder

Vault maps used:
D:1:      minmay_arrival_wavy_path, st_stairs_2, minivault_5,
          serial_bayou_pond_c, roderic_lattice_a
D:2:      led_sif_pool
D:3:      makhleb_altar_promises_db, uniq_crazy_yiuf_cottage, uniq_terence,
          uniq_grinder

Skill      XL: |  1  2  3 |
---------------+----------+-----
Conjurations   | 2 3 |  3.1
Fire Magic     | 4 |  4.6
Dodging        | |  2.4
Stealth        | |  2.4
Spellcasting   | |  3.0

Action                   |  1- 3 |  4- 6 || total
-------------------------+-------+-------++-------
 Cast: Flame Tongue      |    70 |    22 ||    92
       Conjure Flame     |       |     1 ||     1
  Use: Scroll            |       |     1 ||     1
  Eat: Chunk             |     3 |     2 ||     5
Armor: Robe              |     6 |     1 ||     7
Dodge: Dodged            |    13 |    10 ||    23
